Map: Echo of the past

Players

Tesla - Winner!

  • Race: Protoss Protoss

JPlex - Winner!

  • Race: Protoss Protoss
  • League: Diamond

LUISTONGP

  • Race: Terran Terran

SFEEMdego

  • Race: Protoss Protoss

VOD

Have the link to the VOD?

Description

Echo of the past (105) dave = awesome :D

Time

  • Played on: Aug. 13, 2016, 9:30 p.m.
  • Length: 11:27
Show
View Real Time Build Order
Export as new Build Order

Tesla Protoss - Winner!

Build Orders:  

Get SALT Encoding   

  12  0:00  Probe (Chrono Boost)  
  13  0:11  Probe (Chrono Boost)  
  14  0:19  Pylon  
  14  0:22  Probe (Chrono Boost)  
  15  0:37  Probe (Chrono Boost)  
  15  0:39  Gateway  
  16  0:42  Assimilator  
  16  0:48  Probe (Chrono Boost)  
  17  0:59  Probe (Chrono Boost)  
  18  1:10  Probe (Chrono Boost)  
  19  1:12  Pylon  
  19  1:20  Probe (Chrono Boost)  
  19  1:21  Assimilator  
  20  1:30  Cybernetics Core  
  20  1:31  Probe (Chrono Boost)  
  21  1:41  Probe (Chrono Boost)  
  22  1:51  Warp Gate  
  22  1:52  Probe (Chrono Boost)  
  23  2:03  Probe (Chrono Boost)  
  24  2:09  Adept  
  28  2:17  Mothership Core (Chrono Boost)  
  28  2:31  Nexus  
  28  2:34  Assimilator  
  28  2:36  Assimilator  
  29  2:37  Probe (Chrono Boost)  
  29  2:49  Probe (Chrono Boost)  
  30  3:01  Probe (Chrono Boost)  
  30  3:02  Pylon  
  31  3:07  Pylon  
  31  3:10  Pylon  
  31  3:18  Pylon  
  31  3:19  Stalker  
  34  3:21  Probe (Chrono Boost)  
  34  3:22  Pylon  
  34  3:33  Probe (Chrono Boost)  
  35  3:37  Twilight Council  
  35  3:47  Probe (Chrono Boost)  
  35  3:48  Probe (Chrono Boost)  
  37  3:57  Probe (Chrono Boost)  
  37  3:58  Probe (Chrono Boost)  
  39  4:04  Gateway  
  39  4:06  Gateway  
  39  4:07  Blink  
  39  4:08  Probe (Chrono Boost)  
  39  4:09  Probe (Chrono Boost)  
  41  4:10  Sentry  
  43  4:18  Probe (Chrono Boost)  
  43  4:20  Probe (Chrono Boost)  
  45  4:29  Probe (Chrono Boost)  
  46  4:34  Stargate  
  46  4:38  Stalker  
  46  4:43  Probe (Chrono Boost)  
  46  4:44  Probe (Chrono Boost)  
  50  4:58  Robotics Facility  
  50  5:01  Pylon  
  50  5:03  Probe x2 (Chrono Boost)  
  50  5:06  Sentry  
  54  5:12  Sentry  
  58  5:14  Probe (Chrono Boost)  
  58  5:15  Probe (Chrono Boost)  
  58  5:20  Phoenix  
  60  5:29  Forge  
  60  5:33  Forge  
  60  5:35  Pylon  
  60  5:40  Probe (Chrono Boost)  
  60  5:42  Probe (Chrono Boost)  
  62  5:46  Observer  
  62  5:49  Phoenix  
  65  5:51  Stalker x2  
  65  5:53  Sentry  
  71  6:03  Probe (Chrono Boost)  
  73  6:04  Probe (Chrono Boost)  
  73  6:05  Protoss Ground Armor Level 1, Protoss Ground Weapons Level 1, Resonating Glaives  
  73  6:07  Observer  
  74  6:16  Stalker x2  
  74  6:17  Stalker  
  80  6:22  Probe x2 (Chrono Boost)  
  82  6:30  Phoenix  
  82  6:32  Immortal  
  88  6:44  Stalker  
  88  6:45  Stalker x2  
  94  6:56  Dark Shrine  
  94  6:57  Pylon  
  94  7:00  Probe x2 (Chrono Boost)  
  96  7:05  Gateway  
  96  7:10  Gateway  
  96  7:11  Photon Cannon  
  96  7:13  Pylon  
  94  7:25  Stalker x3  
  100  7:30  Warp Prism  
  100  7:49  Protoss Ground Armor Level 2  
  100  7:53  Void Ray  
  100  7:58  Stalker x3  
  108  8:03  Adept  
  112  8:07  Immortal  
  116  8:33  Protoss Ground Weapons Level 2  
  116  8:34  Adept  
  118  8:41  Pylon  
  118  8:42  Nexus  
  118  8:43  Pylon x2  
  118  8:45  Pylon x2  
  118  8:59  Observer  
  119  9:04  Dark Templar x4  
  120  9:27  Dark Templar  
  120  9:48  Dark Templar x3  
  124  9:57  Stalker  
  126  10:18  Void Ray  
  130  10:49  Stalker x2  
  134  10:50  Stalker x3  
Show
View Real Time Build Order
Export as new Build Order

JPlex Protoss - Winner!

Build Orders:  

Get SALT Encoding   

  12  0:03  Probe (Chrono Boost)  
  13  0:13  Probe (Chrono Boost)  
  14  0:22  Pylon  
  14  0:27  Probe (Chrono Boost)  
  15  0:40  Probe (Chrono Boost)  
  16  0:44  Gateway  
  16  0:51  Probe (Chrono Boost)  
  16  0:54  Assimilator  
  17  0:58  Assimilator  
  17  1:01  Probe (Chrono Boost)  
  18  1:05  Assimilator  
  18  1:14  Probe (Chrono Boost)  
  19  1:25  Probe (Chrono Boost)  
  20  1:33  Cybernetics Core  
  20  1:35  Probe (Chrono Boost)  
  21  1:46  Probe (Chrono Boost)  
  22  1:56  Probe (Chrono Boost)  
  22  2:00  Warp Gate  
  23  2:12  Pylon  
  23  2:20  Pylon  
  25  2:38  Stalker  
  25  2:40  Mothership Core (Chrono Boost)  
  28  2:59  Nexus, Probe (Chrono Boost)  
  28  3:12  Probe (Chrono Boost)  
  29  3:24  Probe (Chrono Boost)  
  30  3:27  Twilight Council  
  30  3:36  Probe (Chrono Boost)  
  30  3:48  Probe (Chrono Boost)  
  31  4:00  Probe (Chrono Boost)  
  32  4:22  Probe (Chrono Boost)  
  32  4:23  Probe (Chrono Boost)  
  34  4:32  Probe (Chrono Boost)  
  34  4:35  Probe (Chrono Boost)  
  34  4:36  Blink  
  34  4:43  Mothership Core (Chrono Boost)  
  36  4:47  Probe (Chrono Boost)  
  36  4:48  Dark Shrine  
  37  4:53  Gateway  
  37  4:55  Pylon  
  37  4:58  Assimilator  
  37  4:59  Pylon  
  38  5:00  Probe (Chrono Boost)  
  38  5:01  Probe (Chrono Boost)  
  38  5:02  Assimilator  
  38  5:05  Pylon  
  39  5:08  Pylon  
  39  5:12  Probe x2 (Chrono Boost)  
  41  5:23  Probe (Chrono Boost)  
  41  5:24  Probe (Chrono Boost)  
  41  5:27  Robotics Facility  
  43  5:32  Gateway  
  43  5:33  Probe (Chrono Boost)  
  43  5:35  Gateway  
  45  5:36  Probe (Chrono Boost)  
  45  5:44  Probe (Chrono Boost)  
  45  5:48  Probe (Chrono Boost)  
  47  5:54  Probe (Chrono Boost)  
  48  6:00  Probe (Chrono Boost)  
  48  6:02  Pylon  
  48  6:03  Nexus  
  49  6:05  Probe (Chrono Boost)  
  51  6:12  Forge, Probe (Chrono Boost)  
  51  6:15  Probe (Chrono Boost), Warp Prism  
  54  6:24  Probe (Chrono Boost)  
  55  6:26  Probe (Chrono Boost)  
  56  6:36  Probe x2 (Chrono Boost)  
  60  6:47  Probe (Chrono Boost)  
  60  6:48  Probe (Chrono Boost)  
  60  6:56  Stalker  
  60  6:57  Stalker x3, Probe (Chrono Boost)  
  60  7:00  Probe (Chrono Boost)  
  70  7:03  Gateway  
  70  7:05  Photon Cannon  
  70  7:06  Gateway  
  70  7:08  Probe (Chrono Boost), Gateway  
  71  7:12  Resonating Glaives  
  71  7:23  Protoss Ground Weapons Level 1  
  71  7:27  Dark Templar x2  
  71  7:28  Dark Templar x2  
  79  8:01  Stalker x2  
  79  8:02  Stalker x2  
  87  8:06  Probe x2 (Chrono Boost)  
  87  8:08  Probe (Chrono Boost)  
  87  8:10  Pylon  
  90  8:13  Pylon  
  90  8:15  Pylon  
  90  8:17  Probe x2 (Chrono Boost)  
  93  8:20  Probe (Chrono Boost)  
  93  8:24  Stalker x3  
  93  8:25  Stalker x3  
  93  8:26  Stalker  
  107  8:27  Probe x2 (Chrono Boost)  
  107  8:29  Gateway  
  109  8:37  Photon Cannon  
  109  8:39  Photon Cannon  
  109  8:40  Probe (Chrono Boost)  
  110  8:43  Probe x2 (Chrono Boost)  
  110  8:45  Assimilator  
  110  8:47  Assimilator  
  112  8:52  Probe (Chrono Boost)  
  113  8:59  Archon x2  
  113  9:05  Stalker x5  
  113  9:06  Stalker x2  
  107  9:41  Dark Templar x3  
  107  9:42  Dark Templar x4  
  119  10:52  Stalker x4  
  119  10:53  Stalker x3  
Show
View Real Time Build Order
Export as new Build Order

LUISTONGP Terran 

Build Orders:  

Get SALT Encoding   

  12  0:15  SCV  
  13  0:23  Supply Depot  
  13  0:32  Supply Depot  
  13  0:51  Barracks  
  13  1:04  SCV  
  13  1:05  Refinery  
  14  1:16  SCV  
  15  1:20  Refinery  
  15  1:28  SCV  
  16  1:40  SCV  
  17  1:52  Barracks Tech Lab  
  17  2:02  Barracks  
  17  2:03  SCV  
  18  2:15  SCV  
  19  2:24  Marine  
  19  2:27  SCV  
  21  2:39  SCV  
  21  2:42  Marine  
  23  2:51  SCV  
  24  3:14  Barracks Reactor  
  24  3:21  Barracks  
  24  3:32  SCV  
  25  3:41  Barracks  
  25  3:42  Barracks  
  25  3:45  SCV  
  26  3:50  Barracks  
  26  3:53  Marine x2  
  28  3:59  Marine  
  29  4:10  Marine  
  29  4:11  Marine  
  31  4:22  Marine  
  30  4:41  Marine  
  31  4:54  Supply Depot  
  31  5:15  Marine x5  
  31  5:18  Marine  
  31  5:19  Marine  
  38  5:23  Supply Depot  
  38  5:24  Supply Depot  
  38  5:25  Supply Depot  
  38  5:26  Supply Depot x2  
  38  5:32  Factory  
  38  5:33  Marine, Orbital Command, Factory  
  39  5:43  Barracks Reactor  
  39  5:44  Barracks Reactor x3  
  39  5:46  Combat Shields  
  39  6:34  Command Center  
  39  7:05  Stimpack  
  37  7:50  Engineering Bay  
  37  8:14  Marine  
  37  8:15  Marine x5  
  37  8:16  Marine x5  
  48  8:30  Neosteel Frame  
  48  8:32  Marine x2  
  48  8:33  Marine x5  
  48  8:34  Marine x4  
  56  8:38  Factory Tech Lab x2  
  56  8:40  Armory  
  59  8:56  Refinery  
  59  9:04  Missile Turret  
  36  9:29  Missile Turret  
  36  9:30  Marine  
  36  9:31  Marine x6  
  1  10:16  Barracks  
Show
View Real Time Build Order
Export as new Build Order

SFEEMdego Protoss 

Build Orders:  

Get SALT Encoding   

  12  0:03  Probe (Chrono Boost)  
  13  0:14  Pylon  
  13  0:19  Probe (Chrono Boost)  
  14  0:29  Assimilator  
  14  0:31  Probe (Chrono Boost)  
  15  0:48  Gateway  
  16  0:57  Probe (Chrono Boost)  
  16  1:07  Probe (Chrono Boost)  
  17  1:34  Gateway  
  18  1:40  Probe (Chrono Boost)  
  18  1:42  Zealot  
  20  1:50  Probe (Chrono Boost)  
  20  1:54  Cybernetics Core  
  21  2:05  Pylon  
  21  2:10  Probe (Chrono Boost)  
  22  2:21  Probe (Chrono Boost)  
  23  2:23  Zealot  
  25  2:40  Zealot  
  27  2:50  Zealot  
  29  2:56  Robotics Facility  
  29  2:59  Pylon  
  29  3:05  Assimilator  
  29  3:24  Zealot  
  32  3:27  Probe (Chrono Boost)  
  32  3:43  Zealot  
  34  3:51  Twilight Council  
  34  3:55  Pylon  
  32  4:09  Forge  
  30  4:14  Probe (Chrono Boost)  
  29  4:20  Zealot x2  
  32  4:25  Charge, Probe (Chrono Boost)  
  32  4:51  Zealot  
  34  4:56  Nexus  
  34  4:59  Pylon  
  34  5:07  Probe (Chrono Boost)  
  35  5:16  Photon Cannon  
  35  5:17  Probe (Chrono Boost)  
  36  5:22  Photon Cannon  
  36  5:28  Probe (Chrono Boost)  
  37  5:52  Robotics Bay  
  37  6:00  Pylon  
  38  6:05  Probe (Chrono Boost)  
  38  6:15  Probe x2 (Chrono Boost)  
  40  6:25  Probe (Chrono Boost)  
  41  6:26  Probe (Chrono Boost)  
  41  6:31  Stalker  
  41  6:32  Stalker  
  46  6:46  Colossus  
  52  6:55  Probe (Chrono Boost)  
  53  7:27  Probe (Chrono Boost)  
  54  7:37  Photon Cannon  
  54  7:38  Probe (Chrono Boost)  
  54  7:41  Photon Cannon  
  55  8:32  Pylon  
  55  8:35  Pylon  
  54  8:42  Colossus  
Tags
 
Add a new tag
Caveats
  • Supply blocks, unpowered buildings, or Contaminate may cause inaccurate times.
  • Supply counts are checked every 10 seconds.